 Dungeon Crawl Stone Soup version 0.30-a0-305-g026cb31310 (webtiles) character file.

Game seed: 13165434149922206416

57 Sobieck the Conjurer (level 4, -1/24 HPs)
             Began as a Kobold Conjurer on Oct 23, 2022.
             Slain by an orc priest
             ... wielding a +0 hand axe
              (4 damage)
             ... on level 3 of the Dungeon.
             The game lasted 00:04:33 (2467 turns).

Sobieck the Conjurer (Kobold Conjurer)              Turns: 2467, Time: 00:04:33

Health: -1/24      AC:  2    Str:  4    XL:     4   Next: 18%
Magic:  8/8        EV: 14    Int: 21    God:
Gold:   99         SH:  0    Dex: 13    Spells: 2/9 levels left

rFire   + . .      SeeInvis .    c - +0 dagger {short}
rCold   . . .      Faith    .    (no shield)
rNeg    . . .      Spirit   .    i - +0 robe {rF+}
rPois   .          Reflect  .    (no helmet)
rElec   .          Harm     .    (no cloak)
rCorr   .          Rampage  .    (no gloves)
Will    .....                    (no boots)
Stlth   +++.......               (no amulet)
HPRegen 0.24/turn                (no ring)
MPRegen 0.11/turn                (no ring)

@: no status effects
A: small, no large weapons, nightstalker 3
a: no special abilities


You were on level 3 of the Dungeon.
You visited 1 branch of the dungeon, and saw 3 of its levels.

You collected 99 gold pieces.


Innate Abilities, Weirdness & Mutations

You are small and have problems with some larger weapons.
You are completely attuned to the shadows.


   Skills:
 - Level 2.4 Dodging
 - Level 2.6 Stealth
 + Level 3.0 Spellcasting
 * Level 5.0 Conjurations
 + Level 0.0 Hexes


You had 2 spell levels left.
You knew the following spells:

 Your Spells              Type           Power      Damage    Failure   Level
a - Magic Dart            Conj           96%        1d7       1%          1
b - Searing Ray           Conj           48%        2d6       2%          2
c - Fulminant Prism       Conj/Hex       6%         3d7       43%         4

Your spell library contained the following spells:

 Spells                   Type           Power      Damage    Failure   Level
 Kiss of Death            Conj/Necr      52%        2d9       4%          1
 Necrotise                Necr           12%        1d4       13%         1
 Dazzling Flash           Conj/Hex       26%        N/A       14%         3
 Confusing Touch          Hex            3%         N/A       36%         3
 Vampiric Draining        Necr           3%         2d6       36%         3
 Iskenderun's Mystic Bla  Conj/Tloc      13%        2d5       43%         4
 Dispel Undead            Necr           3%         3d7       78%         4
 Agony                    Necr           3%         N/A       98%         5

Inventory:

Hand Weapons
 c - a +0 dagger (weapon) {short}
   (You took it off a goblin on level 1 of the Dungeon)
Missiles
 e - 16 stones {throwing}
Armour
 a - a +0 robe
 d - a +0 leather armour
   (You found it on level 1 of the Dungeon)
 i - a +0 robe of fire resistance (worn)
   (You found it on level 2 of the Dungeon)
Wands
 l - a wand of flame (15)
   (You found it on level 2 of the Dungeon)
Scrolls
 j - a scroll of enchant armour {unknown}
 k - a scroll of amnesia {unknown}
Potions
 f - a potion of heal wounds {unknown}
 g - 2 potions of lignification {unknown}
 h - a potion of might {unknown}

Dungeon Overview and Level Annotations

Branches:
Dungeon (3/15) Zot: 15529

Altars:

#######
......#
......##
.....@.#
###o#.#
####.#.#
#....#.#
#.####.# #.#
#<#
#########.#
###
####....##.#o#
...#.##.##...#


You could see an orc priest.


Message History

A goblin comes into view. It is wielding a +0 club.
Danger!
The magic dart hits the goblin.
You kill the goblin!
Your Spellcasting skill increases to level 3!
You see here a +0 club {mace}.
You see here a +0 club {mace}.
Key pressed, stopping explore.
Done exploring.
Done exploring.
You can't go down here!
Unknown command.
(D) Dungeon
Where to? (Enter - D:2, ? - help)
You see here a +0 club {mace}.
There is a stone staircase leading down here.
You climb downwards.
There is a stone staircase leading up here.
Unknown command.
Unknown command.
Okay, then.
This spell is astonishingly dangerous to cast!
Memorise Fulminant Prism, consuming 4 spell levels and leaving 2?
You start memorising the spell.
You continue memorising. x4
You finish memorising.
Spell assigned to 'c'.
Unknown command.
Unknown command.
Unknown command.
You now have 99 gold pieces (gained 8).
An orc comes into view. It is wielding a +0 club.
Danger!
The magic dart hits the orc.
The orc shouts!
You hear a shout! x2
An orc comes into view. It is wielding a +2 hand axe of venom.
An orc priest comes into view. It is wielding a +0 hand axe.
An orc comes into view. It is wielding a +0 hand axe.
The magic dart hits the orc.
You kill the orc!
The orc shouts!
Unknown command.
The orc priest calls down the wrath of Beogh upon you.
Pain shoots through your body!
Ouch! That really hurt!
* * * LOW HITPOINT WARNING * * *
Danger!
Danger!
Unknown command.
Danger!
Unknown command.
There is a stone staircase leading up here.
Unknown command.
You climb upwards.
There is a stone staircase leading down here.
Unknown command.
You start resting.
Unknown command.
You climb downwards.
There is a stone staircase leading up here.
Unknown command.
Unknown command.
Unknown command.
Danger!
Casting: Magic Dart (safe; 1% risk of failure)
Confirm with . or Enter, or press ? or * to list all spells.
Aiming: Searing Ray (safe; 2% risk of failure)
Press: ? - help, Shift-Dir - straight line, f - orc priest
Aim: an orc priest, wielding a +0 hand axe and wearing a +0 chain mail (85% to hit)
The searing ray hits the orc priest. (Press . to maintain the ray.)
The searing ray hits the orc priest.
The orc priest completely misses you.
The searing ray hits the orc priest.
The orc priest mumbles some strange prayers to Beogh against you.
Beogh smites you!
The searing ray hits the orc priest but does no damage.
You finish channelling your searing ray.
The orc priest hits you with a +0 hand axe.
Casting: Searing Ray (safe; 2% risk of failure)
Confirm with . or Enter, or press ? or * to list all spells.
Aiming: Searing Ray (safe; 2% risk of failure)
Press: ? - help, Shift-Dir - straight line, f/p - orc priest
Aim: an orc priest, wielding a +0 hand axe and wearing a +0 chain mail (heavily wounded, 85% to hit)
The searing ray misses the orc priest. (Press . to maintain the ray.)
The orc priest closely misses you.
The searing ray hits the orc priest but does no damage.
The orc priest calls down the wrath of Beogh upon you.
Pain shoots through your body!
Unknown command.
Unknown command.
You hit the orc priest but do no damage.
The orc priest invokes the aid of Beogh against you.
Beogh smites you!
* * * LOW HITPOINT WARNING * * *
Unknown command.
You barely miss the orc priest. The orc priest misses you.
Unknown command.
Unknown command.
Magic courses through your body.
The orc priest hits you with a +0 hand axe.
You die...

Skill      XL: |  1  2  3  4 |
---------------+-------------+-----
Conjurations   | 5 |  5.0
Spellcasting   | 3 |  3.0
Dodging        | |  2.4
Stealth        | |  2.6

Action                   |  1- 3 |  4- 6 || total
-------------------------+-------+-------++-------
Melee: Unarmed           |     3 |       ||     3
       Dagger            |       |     7 ||     7
 Cast: Magic Dart        |    54 |     8 ||    62
       Searing Ray       |     2 |     2 ||     4
  Use: Potion            |       |     1 ||     1
Dodge: Dodged            |     8 |     3 ||    11

Levels and vault maps discovered:
D:1:      dpeg_arrival_tiny_a, layout_basic, st_stairs_5, grunt_decor_junction,
          ebering_dispersal_statue_hall, serial_bayou_pond_c,
          minmay_misc_feat_enclosed, minmay_pentomino_u4
D:2:      layout_basic
D:3:      layout_basic, shapermc_ecumenical_altar_totnotflames

Notes
Turn   | Place    | Note
-------+----------+-------------------------------------------
     0 | D:1      | Sobieck the Kobold Conjurer began the quest for the Orb.
     0 | D:1      | Reached XP level 1. HP: 10/10 MP: 3/3
   188 | D:1      | You pick up a book of Touch and begin reading...
   188 | D:1      | You add the spells Kiss of Death, Confusing Touch and
                  | Dispel Undead to your library.
   228 | D:1      | Reached XP level 2. HP: 15/15 MP: 3/5
   231 | D:1      | Learned a level 2 spell: Searing Ray
   613 | D:1      | Reached XP level 3. HP: 19/19 MP: 2/6
  1535 | D:2      | You pick up a book of Necromancy and begin reading...
  1535 | D:2      | You add the spells Necrotise, Vampiric Draining and Agony
                  | to your library.
  1849 | D:2      | Reached XP level 4. HP: 24/24 MP: 6/8
  2138 | D:2      | Reached skill level 5 in Conjurations
  2238 | D:2      | Reached skill level 3 in Spellcasting
  2349 | D:3      | Learned a level 4 spell: Fulminant Prism
  2465 | D:3      | HP: 3/24 [orc priest/divine providence (10)]
  2467 | D:3      | Slain by an orc priest

Vanquished Creatures
  An adder (D:2)
  2 dart slugs
  An orc (D:3)
  4 endoplasms
  A giant cockroach (D:1)
  3 goblins
  2 hobgoblins (D:2)
  5 jackals (D:1)
  3 kobolds
  2 quokkas (D:1)
  5 bats (D:1)
  7 frilled lizards
  5 rats
41 creatures vanquished.

Table legend:
 A = Non-vault XP
 B = Vault XP
 C = Vault XP percentage of total XP
 D = Non-vault monster count
 E = Vault monster count
 F = Vault count percentage of total count
                 A         B        C        D         E       F
            +---------+---------+-------+---------+---------+-------
      Total |      74 |       8 |   9.8 |      36 |       5 |  12.2
            +---------+---------+-------+---------+---------+-------
        D:1 |      39 |       8 |  17.0 |      23 |       5 |  17.9
        D:2 |      32 |       0 |   0.0 |      12 |       0 |   0.0
        D:3 |       3 |       0 |   0.0 |       1 |       0 |   0.0
            +---------+---------+-------+---------+---------+-------

Illustrated notes

Table legend:
 A = Kills in this place as a percentage of kills in entire the game.
 B = Kills by you in this place as a percentage of kills by you in the entire game.
 C = Kills by friends in this place as a percentage of kills by friends in the entire game.
 D = Other kills in this place as a percentage of other kills in the entire game.
 E = Experience gained in this place as a percentage of experience gained in the entire game.
 F = Experience gained in this place divided by the number of levels of this place that you have seen.
                   A       B       C       D       E      F
               +-------+-------+-------+-------+-------+----------------------
         Total | 100.0 | 100.0 |   N/A |   N/A | 100.0 |  27.3
       Dungeon | 100.0 | 100.0 |   N/A |   N/A | 100.0 |  27.3
               +-------+-------+-------+-------+-------+----------------------

Table legend: (Time is in decaauts)
 A = Elapsed time spent in this place.
 B = Non-inter-level travel time spent in this place.
 C = Inter-level travel time spent in this place.
 D = Time resting spent in this place.
 E = Time spent auto-exploring this place.
 F = Levels seen in this place.
 G = Mean time per level.
                   A        B        C        D        E       F      G
               +--------+--------+--------+--------+--------+-----+--------+
         Total |   2470 |   2420 |     50 |    179 |   2008 |   3 |  823.3 |
       Dungeon |   2470 |   2420 |     50 |    179 |   2008 |   3 |  823.3 |
               +--------+--------+--------+--------+--------+-----+--------+

Top non-repeatable levels by time:
     D:1: 1236 daAuts
     D:2: 1143 daAuts
     D:3: 90 daAuts
